 Dungeon Crawl Stone Soup version 0.25-a0-730-g633e9c3 (webtiles) character file.

Game seed: 10978827026935248748, levelgen mode: deterministic

1318 robertstho the Ruffian (level 8, 0/78 HPs)
             Began as a Troll Monk on Apr 7, 2020.
             Was an Initiate of Uskayaw.
             Slain by a troll (12 damage)
             ... on level 7 of the Dungeon.
             The game lasted 00:07:28 (4127 turns).

robertstho the Ruffian (Troll Monk)                 Turns: 4127, Time: 00:07:28

Health: 0/78       AC:  6    Str: 25    XL:     8   Next: 33%
Magic:  0/7        EV: 11    Int:  6    God:    Uskayaw [......]
Gold:   89         SH:  0    Dex: 12    Spells: 7/7 levels left

rFire    . . .     SeeInvis .     - Unarmed
rCold    + . .     Gourm    +   (no shield)
rNeg     . . .     Faith    .   f - +0 robe {MR+}
rPois    .         Spirit   .   (helmet restricted)
rElec    .         Reflect  .   (no cloak)
rCorr    .         Harm     .   (gloves unavailable)
MR       +....                  (boots unavailable)
Stlth    ++........             (no amulet)
HPRegen  0.63/turn              g - +3 ring of strength
MPRegen  0.10/turn              u - ring of protection from cold

@: no status effects
A: large, unfitting armour, claws 3, fast metabolism 3, gourmand, regeneration
1, shaggy fur 1, tough skin 3
a: Renounce Religion


You were on level 7 of the Dungeon.
You worshipped Uskayaw.
Uskayaw was noncommittal.
You were very full.

You visited 2 branches of the dungeon, and saw 8 of its levels.

You collected 383 gold pieces.
You spent 294 gold pieces at shops.

Inventory:

Armour
 f - a +0 robe of magic resistance (worn)
Jewellery
 g - a +3 ring of strength (left claw)
 u - a ring of protection from cold (right claw)
Wands
 y - a wand of iceblast (3)
Scrolls
 a - a scroll of identify
 d - a scroll of blinking {unknown}
 e - a scroll of noise {unknown}
 i - 4 scrolls of teleportation {unknown}
 p - 3 scrolls of remove curse {unknown}
 s - a scroll of enchant armour {unknown}
 t - a scroll of amnesia {unknown}
 w - 2 scrolls of fog {unknown}
Potions
 c - a potion of haste {unknown}
 h - a potion of might
 j - 4 potions of lignification
 k - 5 potions of curing
 l - a potion of invisibility {unknown}
 m - 3 potions of heal wounds
 n - a potion of magic {unknown}
 o - a potion of cancellation
 q - 2 potions of ambrosia
 v - 3 potions of mutation
 x - 3 potions of stabbing
Comestibles
 b - 11 rations
 r - 2 chunks of flesh


   Skills:
 * Level 4.2 Fighting
 * Level 3.1 Armour
 + Level 4.4 Dodging
 - Level 1.0 Stealth
 + Level 7.3 Unarmed Combat
 * Level 1.1 Invocations


You had 7 spell levels left.
You didn't know any spells.
Your spell library contained the following spells:

 Spells                   Type           Power        Failure   Level  Hunger
 Magic Dart               Conj           #...         45%         1    ##.....
 Searing Ray              Conj           #.....       58%         2    ###....
 Dazzling Flash           Conj/Hex       #.....       83%         3    ####...
 Fulminant Prism          Conj/Hex       #.........   99%         4    #####..
 Iskenderun's Mystic Bla  Conj/Tloc      #.......     99%         4    #####..


Dungeon Overview and Level Annotations

Branches:
Dungeon (7/15)             Temple (1/1) D:6

Altars:
Ashenzari
Cheibriados
Dithmenos
Fedhas
Gozag
Hepliaklqana
Kikubaaqudgha
Makhleb
Nemelex Xobeh
Okawaru
Qazlal
Ru
Sif Muna
Uskayaw
Vehumet
Wu Jian
Xom
Yredelemnul
The Shining One

Shops:
D:4 }   D:6 ![

Annotations:
D:6 potion shop


Innate Abilities, Weirdness & Mutations

You are too large for most types of armour.
You have claws for hands.
Your metabolism is lightning-fast.
You like to eat raw meat.
Your natural rate of healing is unusually fast.
You are covered in fur. (AC +1)
You have extremely tough skin. (AC +3)


Message History

You barely miss the troll.
The troll is severely wounded.
The troll bites you but does no damage. The troll claws you!
* * * LOW HITPOINT WARNING * * *
The troll barely misses you.
Aiming: Line Pass
Press: ? - help, Dir - move target cursor The troll appears confused.
You can no longer pass through a line of other dancers.
The troll barely misses you. The troll misses you. The troll barely misses you.
You stomp with the beat, sending a shockwave through the revelers around you!
The troll is almost dead.
You feel somewhat less full.
You can no longer stomp with the beat.
The troll seems less confused.
The troll bites you!
* * * LOW HITPOINT WARNING * * *
The troll claws you.
* * * LOW HITPOINT WARNING * * *
The troll claws you!
You die...

#### # #.. .#
##.####.#####
##...#.......#
#......#.###.####
########...#.#.....รท..#
#..%..@T..##.#####.##.#
#.#######.##.# #.##.#
#.##.#####.##.#
#'##.......##.#
.(.##########.# ...
###.# .... ##.#..
...####...##
...'....)...


You could see a troll.

Vanquished Creatures
  An ice beast (D:7)
  An ogre (D:7)
  2 bullfrogs
  A water moccasin skeleton (D:5)
  3 wights (D:6)
  3 crimson imps (D:5)
  4 hounds
  An orc priest (D:3)
  5 orc wizards
  A centaur skeleton (D:6)
  3 iguanas
  Terence (D:2)
  4 worker ants
  A worker ant zombie (D:6)
  10 adders
  A shadow imp (D:6)
  An ooze (D:3)
  3 worms (D:3)
  4 dart slugs
  3 leopard geckos
  10 orcs
  A ball python (D:3)
  7 bats
  7 giant cockroaches
  6 goblins
  9 hobgoblins
  8 jackals
  3 quokkas
  2 frilled lizards
  8 kobolds
  A quokka zombie (D:5)
  7 rats
122 creatures vanquished.

Notes
Turn   | Place    | Note
-------+----------+-------------------------------------------
     0 | D:1      | robertstho the Troll Monk began the quest for the Orb.
     0 | D:1      | Reached XP level 1. HP: 22/22 MP: 0/0
   129 | D:1      | Reached XP level 2. HP: 29/29 MP: 1/1
   546 | D:1      | Reached XP level 3. HP: 36/36 MP: 2/2
   817 | D:2      | Noticed Terence
   825 | D:2      | Killed Terence
   837 | D:2      | Reached XP level 4. HP: 28/45 MP: 3/3
   904 | D:2      | Reached skill level 1 in Armour
  1197 | D:3      | Reached skill level 4 in Unarmed Combat
  1214 | D:3      | Reached XP level 5. HP: 24/53 MP: 4/4
  1475 | D:3      | Reached XP level 6. HP: 55/61 MP: 5/5
  1730 | D:4      | Reached skill level 5 in Unarmed Combat
  1792 | D:4      | Found a sacrificial altar of Ru.
  1935 | D:4      | Found an iron altar of Okawaru.
  1965 | D:4      | Found Paaggoar's Gadget Emporium.
  2069 | D:4      | Found a hazy altar of Hepliaklqana.
  2341 | D:5      | Entered Level 5 of the Dungeon
  2448 | D:5      | Reached XP level 7. HP: 67/67 MP: 6/6
  2491 | D:5      | Found a blossoming altar of Fedhas.
  2507 | D:5      | Reached skill level 6 in Unarmed Combat
  2797 | D:5      | Found a glowing golden altar of the Shining One.
  2838 | D:6      | Found Taseigep's Armour Emporium.
  2964 | D:6      | Found Rogymes's Distillery.
  2971 | D:6      | Bought a potion of degeneration for 14 gold pieces
  2971 | D:6      | Bought a potion of curing for 42 gold pieces
  2971 | D:6      | Bought a potion of heal wounds for 70 gold pieces
  2971 | D:6      | Bought a potion of stabbing for 56 gold pieces
  2971 | D:6      | Bought a potion of ambrosia for 112 gold pieces
  3185 | D:6      | Found a staircase to the Ecumenical Temple.
  3202 | D:6      | Found a stormy altar of Qazlal.
  3205 | D:6      | Found a basalt altar of Yredelemnul.
  3476 | Temple   | Entered the Ecumenical Temple
  3768 | Temple   | Became a worshipper of Uskayaw the Reveler
  3768 | Temple   | Reached * piety under Uskayaw
  3869 | D:7      | Reached XP level 8. HP: 61/78 MP: 7/7
  3869 | D:7      | Reached ** piety under Uskayaw
  3875 | D:7      | Found a shimmering altar of Xom.
  3877 | D:7      | Noticed an angel
  3967 | D:7      | Reached skill level 7 in Unarmed Combat
  3968 | D:7      | Reached *** piety under Uskayaw
  3970 | D:7      | Reached **** piety under Uskayaw
  4108 | D:7      | Reached skill level 1 in Invocations
  4116 | D:7      | Noticed a troll
  4127 | D:7      | Slain by a troll

Levels and vault maps discovered:
D:1:      dpeg_arrival_simpleton_c, layout_basic, minmay_pentomino_p2
D:2:      layout_rooms, first_ration, kennysheep_generic_room_15, uniq_terence
D:3:      layout_rooms
D:4:      layout_cave_pools, nicolae_overflow_crystal_walls,
          nicolae_ru_sacrificial_ziggurat, serial_shops, shop_statue,
          okawaru_gym_becter
D:5:      layout_cave_pools, nicolae_tso_swordbearing_angel,
          lemuel_doored_altar, st_stairs_3
D:6:      layout_loops_ring, chequers_temple_overflow_statue_of_worship,
          minmay_temple_entry_trees, serial_shops, shop, kennysheep_little_box
D:7:      minmay_skewed_foursquare, layout_loops_corners,
          grunt_temple_overflow_order_and_chaos_1, trog_eyes_of_draining
Temple:   minmay_temple_forest_path

Skill      XL: |  1  2  3  4  5  6  7  8 |
---------------+-------------------------+-----
Fighting       | 3 4 |  4.2
Armour         | 1 2 3 |  3.1
Dodging        | 3 4 |  4.4
Unarmed Combat | 4 5 6 7 |  7.3
Invocations    | 1 |  1.1
Stealth        | |  1.0

Action                   |  1- 3 |  4- 6 |  7- 9 || total
-------------------------+-------+-------+-------++-------
Melee: Unarmed           |    99 |   168 |   100 ||   367
       Punch             |     1 |     4 |     4 ||     9
Invok: Stomp             |       |       |     1 ||     1
       Line Pass         |       |       |     1 ||     1
  Use: Scroll            |       |       |     5 ||     5
 Stab: Distracted        |     1 |       |       ||     1
       Sleeping          |     1 |     4 |     2 ||     7
       Paralysed         |       |       |     1 ||     1
  Eat: Chunk             |    13 |    15 |    15 ||    43
Armor: Robe              |    41 |    54 |    24 ||   119
Dodge: Dodged            |    49 |   101 |    45 ||   195

Table legend:
 A = Non-vault XP
 B = Vault XP
 C = Vault XP percentage of total XP
 D = Non-vault monster count
 E = Vault monster count
 F = Vault count percentage of total count
                 A         B        C        D         E       F
            +---------+---------+-------+---------+---------+-------
      Total |    1717 |     167 |   8.9 |     117 |       5 |   4.1
            +---------+---------+-------+---------+---------+-------
        D:1 |      43 |       2 |   4.4 |      22 |       2 |   8.3
        D:2 |      62 |      40 |  39.2 |      21 |       2 |   8.7
        D:3 |     261 |       0 |   0.0 |      31 |       0 |   0.0
        D:4 |     182 |       0 |   0.0 |      11 |       0 |   0.0
        D:5 |     418 |       0 |   0.0 |      12 |       0 |   0.0
        D:6 |     369 |       0 |   0.0 |       8 |       0 |   0.0
        D:7 |     382 |     125 |  24.7 |      12 |       1 |   7.7
            +---------+---------+-------+---------+---------+-------
